Map: Daybreak LE (Void)

Players

ShoWTimE - Winner!

  • Race: Protoss Protoss
  • Spawn Location: 7:00

Elazer

  • Race: Zerg Zerg
  • Spawn Location: 1:00

Event: WESG 2016 Finals

VOD

https://www.youtube.com/watch?v=KEj-CtnL2OQ

Description

Time

  • Played on: Jan. 13, 2017, 10:14 p.m.
  • Length: 13:26

All games in this series

Show
View Real Time Build Order
Export as new Build Order

ShoWTimE Protoss - Winner!

Build Orders: 1 Gate Expand, Zealot Archon, Dark Templar Rush 

Get SALT Encoding   

  12  0:00  Probe (Chrono Boost)  
  13  0:11  Probe (Chrono Boost)  
  14  0:18  Pylon  
  14  0:22  Probe (Chrono Boost)  
  15  0:36  Probe (Chrono Boost)  
  15  0:39  Gateway  
  16  0:46  Assimilator  
  16  0:48  Probe (Chrono Boost)  
  17  0:59  Probe (Chrono Boost)  
  18  1:09  Probe (Chrono Boost)  
  19  1:23  Nexus  
  19  1:26  Probe (Chrono Boost)  
  20  1:36  Cybernetics Core  
  20  1:39  Probe (Chrono Boost)  
  21  1:44  Assimilator  
  21  1:49  Probe (Chrono Boost)  
  21  1:54  Pylon  
  22  2:00  Probe (Chrono Boost)  
  23  2:09  Adept  
  23  2:12  Warp Gate  
  23  2:13  Probe (Chrono Boost)  
  26  2:25  Mothership Core (Chrono Boost)  
  28  2:38  Probe (Chrono Boost)  
  28  2:43  Probe (Chrono Boost)  
  30  2:49  Probe (Chrono Boost)  
  30  2:50  Twilight Council  
  31  2:54  Probe (Chrono Boost)  
  32  2:59  Probe (Chrono Boost)  
  32  3:04  Probe (Chrono Boost)  
  34  3:05  Robotics Facility  
  34  3:10  Probe (Chrono Boost)  
  35  3:15  Probe (Chrono Boost)  
  36  3:20  Probe (Chrono Boost)  
  36  3:25  Probe (Chrono Boost)  
  36  3:29  Dark Shrine  
  36  3:31  Probe (Chrono Boost)  
  36  3:32  Gateway  
  37  3:34  Gateway  
  37  3:40  Gateway  
  37  3:42  Probe (Chrono Boost)  
  37  3:45  Probe (Chrono Boost)  
  39  3:49  Pylon  
  39  3:52  Probe (Chrono Boost), Warp Prism  
  40  4:01  Probe (Chrono Boost)  
  43  4:03  Probe (Chrono Boost)  
  43  4:13  Probe (Chrono Boost)  
  41  4:18  Probe (Chrono Boost)  
  41  4:19  Assimilator  
  41  4:21  Assimilator  
  42  4:25  Probe (Chrono Boost), Zealot  
  42  4:29  Probe (Chrono Boost)  
  42  4:30  Pylon  
  45  4:37  Probe (Chrono Boost)  
  46  4:39  Probe (Chrono Boost)  
  47  4:49  Probe (Chrono Boost)  
  47  4:50  Probe (Chrono Boost)  
  49  4:53  Dark Templar  
  49  4:54  Dark Templar x2  
  49  4:58  Dark Templar  
  58  5:00  Probe (Chrono Boost)  
  58  5:01  Probe (Chrono Boost)  
  59  5:07  Observer  
  59  5:11  Probe (Chrono Boost)  
  59  5:12  Pylon  
  62  5:15  Probe (Chrono Boost)  
  62  5:16  Archon  
  62  5:17  Archon  
  62  5:20  Forge  
  62  5:30  Probe (Chrono Boost), Pylon  
  62  5:32  Probe (Chrono Boost), Sentry  
  62  5:33  Sentry x2  
  70  5:46  Pylon  
  70  5:48  Probe (Chrono Boost)  
  70  5:49  Probe (Chrono Boost)  
  72  5:55  Protoss Ground Weapons Level 1  
  72  5:58  Probe (Chrono Boost)  
  72  6:01  Probe (Chrono Boost)  
  72  6:04  Immortal  
  74  6:05  Nexus  
  74  6:08  Pylon  
  74  6:10  Probe (Chrono Boost)  
  79  6:15  Pylon  
  79  6:17  Probe (Chrono Boost)  
  80  6:19  Dark Templar  
  80  6:22  Probe (Chrono Boost)  
  83  6:29  Probe (Chrono Boost)  
  83  6:30  Sentry  
  86  6:34  Probe (Chrono Boost)  
  86  6:38  Immortal  
  86  6:39  Gateway  
  88  6:40  Gateway  
  88  6:41  Probe (Chrono Boost)  
  88  6:46  Probe (Chrono Boost)  
  93  6:53  Probe (Chrono Boost)  
  94  6:58  Stalker x3  
  94  6:59  Probe (Chrono Boost)  
  101  7:05  Probe (Chrono Boost), Pylon  
  102  7:10  Pylon  
  102  7:12  Pylon  
  102  7:13  Pylon  
  102  7:19  Probe x3 (Chrono Boost), Immortal  
  102  7:22  Pylon  
  105  7:29  Probe (Chrono Boost)  
  111  7:31  Probe (Chrono Boost)  
  111  7:35  Photon Cannon  
  112  7:38  Zealot x2  
  112  7:40  Pylon  
  112  7:42  Zealot  
  119  7:44  Protoss Ground Weapons Level 2  
  119  7:46  Assimilator  
  119  7:50  Assimilator  
  117  7:52  Zealot  
  117  7:55  Immortal  
  117  7:56  Gateway  
  117  7:58  Gateway  
  121  8:17  Stalker x6  
  133  8:25  Charge  
  133  8:32  Immortal  
  125  8:40  Nexus  
  129  8:42  Pylon  
  129  8:51  Pylon  
  129  9:00  Pylon  
  129  9:02  Pylon  
  129  9:06  Dark Templar x2  
  129  9:07  Dark Templar x2  
  137  9:13  Immortal, Archon  
  133  9:18  Pylon  
  133  9:19  Pylon  
  134  9:26  Zealot x3  
  134  9:27  Zealot  
  134  9:30  Pylon  
  140  9:32  Pylon  
  134  9:44  Probe (Chrono Boost)  
  129  9:47  Dark Templar x2  
  129  9:48  Zealot x5  
  129  9:50  Blink  
  147  9:52  Immortal  
  147  9:53  Archon  
  147  9:54  Archon  
  147  10:00  Protoss Shields Level 1  
  146  10:10  Dark Templar x2  
  150  10:17  Gateway  
  150  10:20  Dark Templar, Zealot  
  150  10:21  Zealot x3  
  160  10:22  Zealot  
  160  10:32  Observer  
  157  10:37  Assimilator  
  157  10:39  Photon Cannon  
  157  10:40  Pylon, Assimilator  
  157  10:41  Pylon  
  157  10:43  Zealot  
  157  10:44  Zealot x4  
  167  11:00  Stalker x3  
  114  11:13  Zealot x2  
  114  11:14  Zealot x3  
  114  11:15  Immortal  
  102  11:26  Pylon, Zealot x3  
  102  11:37  Probe (Chrono Boost)  
  102  11:38  Probe x2 (Chrono Boost), Pylon  
  105  11:41  Dark Templar x4  
  113  11:47  Probe (Chrono Boost)  
  113  11:48  Probe (Chrono Boost)  
  113  11:49  Archon x2  
  113  11:54  Pylon  
  115  11:56  Dark Templar  
  115  11:57  Dark Templar, Zealot x2  
  123  12:02  Archon  
  123  12:03  Immortal  
  127  12:10  Photon Cannon  
  127  12:15  Dark Templar x2  
  131  12:20  Archon  
  131  12:23  Templar Archives  
  131  12:24  Dark Templar x2  
  131  12:28  Archon  
  135  12:42  Immortal  
  139  12:46  Dark Templar x3  
  139  12:47  Dark Templar  
  139  12:49  Photon Cannon  
  139  12:50  Archon x2  
  147  12:55  Zealot x3  
  153  13:04  High Templar x2  
  155  13:08  Archon  
  125  13:21  Zealot x7  
Show
View Real Time Build Order
Export as new Build Order

Elazer Zerg 

Build Orders: Pool First, Swarm Host 

Get SALT Encoding   

  12  0:00  Drone  
  13  0:12  Overlord  
  13  0:17  Drone  
  14  0:30  Drone  
  14  0:31  Drone  
  14  0:34  Drone  
  17  0:45  Extractor, Drone  
  17  0:50  Spawning Pool  
  17  0:56  Drone  
  17  1:10  Drone  
  18  1:21  Hatchery  
  18  1:24  Drone  
  18  1:36  Queen  
  18  1:39  Zergling x2  
  21  1:45  Metabolic Boost  
  21  1:53  Overlord  
  21  1:56  Drone  
  22  2:11  Drone x2  
  22  2:13  Queen  
  26  2:22  Drone  
  27  2:32  Pneumatized Carapace  
  28  2:44  Drone x2  
  28  2:50  Drone x2  
  31  2:54  Hatchery  
  30  2:59  Zergling x4  
  30  3:05  Zergling x2  
  32  3:10  Drone  
  32  3:11  Evolution Chamber  
  32  3:13  Zergling x2  
  32  3:17  Drone  
  33  3:20  Spore Crawler  
  33  3:22  Spore Crawler  
  33  3:27  Drone x3  
  33  3:34  Overlord  
  36  3:42  Lair  
  36  3:51  Extractor, Drone  
  36  3:52  Drone x2, Roach Warren  
  38  3:55  Drone  
  38  4:00  Drone x2  
  41  4:02  Drone  
  41  4:05  Drone  
  41  4:07  Drone  
  43  4:13  Drone x2  
  43  4:14  Drone  
  42  4:17  Drone  
  42  4:19  Drone  
  42  4:22  Overlord  
  44  4:32  Roach x3  
  50  4:40  Overseer, Queen  
  50  4:41  Roach x2  
  50  4:43  Roach  
  58  4:51  Overlord  
  58  5:00  Overlord  
  58  5:11  Roach x4  
  66  5:17  Queen x2  
  66  5:18  Overlord  
  66  5:20  Overlord  
  70  5:22  Drone  
  70  5:24  Drone  
  70  5:26  Drone  
  70  5:28  Drone  
  74  5:32  Overlord  
  74  5:37  Drone x4  
  74  5:38  Drone  
  74  5:40  Drone  
  74  5:41  Drone  
  81  5:45  Overlord  
  81  5:47  Drone x2  
  83  5:51  Drone x2  
  83  5:53  Drone  
  85  5:57  Drone  
  85  6:01  Drone x2  
  85  6:03  Drone  
  85  6:08  Queen  
  87  6:12  Zerg Melee Weapons Level 1  
  87  6:13  Extractor  
  87  6:14  Overlord  
  86  6:20  Roach x3  
  86  6:22  Roach  
  86  6:23  Roach  
  86  6:25  Overlord  
  96  6:31  Overseer  
  96  6:35  Overlord  
  96  6:37  Drone  
  96  6:38  Drone x2, Overlord  
  99  6:40  Extractor, Drone  
  99  6:41  Infestation Pit, Drone x2  
  99  6:42  Drone  
  101  6:50  Drone  
  101  6:51  Drone  
  101  6:52  Extractor, Drone x3  
  105  6:56  Overlord  
  105  7:04  Overlord  
  105  7:07  Zergling x2  
  105  7:08  Zergling x10  
  111  7:12  Hatchery  
  110  7:15  Overlord  
  110  7:16  Overlord  
  110  7:20  Drone x2  
  112  7:27  Swarm Host x6  
  131  7:37  Zergling x12  
  131  7:42  Overlord  
  135  7:49  Overlord  
  134  7:54  Overlord  
  133  8:00  Zergling x2  
  133  8:01  Zergling x12  
  138  8:10  Overlord  
  138  8:11  Zergling x6  
  139  8:16  Overlord  
  139  8:17  Zergling x12  
  139  8:18  Ravager x9  
  154  8:23  Baneling Nest  
  150  8:31  Overlord  
  150  8:32  Zergling x12  
  154  8:34  Zerg Melee Weapons Level 2  
  154  8:35  Extractor  
  154  8:36  Drone  
  154  8:37  Drone  
  154  8:39  Drone  
  154  8:40  Drone  
  157  8:48  Overlord  
  157  8:52  Overlord  
  157  8:53  Zergling x10  
  157  8:54  Zergling x4  
  157  8:55  Ravager  
  165  8:56  Overlord  
  164  9:05  Zergling x6  
  166  9:15  Zergling x16  
  172  9:19  Centrifical Hooks  
  172  9:21  Zergling x6  
  175  9:28  Overlord  
  164  9:38  Overlord  
  164  9:41  Zergling x6  
  164  9:42  Zergling x16  
  164  9:44  Queen  
  172  9:46  Drone x2  
  172  9:49  Baneling x16  
  172  9:50  Baneling x20  
  168  10:07  Zergling x24  
  168  10:08  Zergling x2  
  181  10:14  Overlord  
  181  10:18  Zergling x14  
  188  10:22  Zergling x8  
  185  10:39  Zergling x18  
  194  10:45  Baneling x4  
  194  10:47  Zergling x10  
  193  10:55  Zergling x12  
  172  11:07  Zergling x6  
  172  11:08  Zergling x8  
  153  11:13  Zergling x10  
  137  11:22  Zergling x8  
  137  11:23  Zergling x6  
  133  11:29  Zergling x6  
  120  11:33  Queen  
  120  11:36  Overseer  
  119  11:43  Roach x7  
  133  11:51  Ravager  
  133  11:52  Ravager x2  
  136  11:56  Overlord  
  136  11:58  Zergling x12  
  136  11:59  Zergling x4  
  144  12:03  Zergling x6  
  144  12:08  Ravager x7  
  154  12:10  Zergling x4  
  154  12:11  Zergling x6  
  159  12:20  Zergling x6  
  159  12:21  Zergling x8  
  166  12:23  Baneling  
  166  12:24  Baneling x4  
  166  12:36  Baneling x11  
  166  12:37  Baneling x7  
  164  12:46  Zergling x2  
  164  12:47  Zergling x12  
  164  12:49  Baneling x3  
  171  12:52  Baneling x5  
  171  12:53  Baneling x2  
  171  12:54  Baneling  
  171  12:56  Baneling x4  
Tags
 
Add a new tag
Caveats
  • Supply blocks, unpowered buildings, or Contaminate may cause inaccurate times.
  • Supply counts are checked every 10 seconds.